 Dungeon Crawl Stone Soup version 0.32-a0-43-g058985b245 (webtiles) character file.

Game seed: 5496520887407155307

2234 jlumianski the Ruffian (level 9, 0/102 HPs)
             Began as a Gnoll Shapeshifter on Feb 3, 2024.
             Was an Initiate of Wu Jian.
             Succumbed to a kobold's poison
             ... on level 7 of the Dungeon.
             The game lasted 00:27:04 (5622 turns).

jlumianski the Ruffian (Gnoll Shapeshifter)         Turns: 5622, Time: 00:27:04

Health: 0/102      AC: 24    Str: 16    XL:     9   Next: 36%
Magic:  24/24      EV:  2    Int: 12    God:    Wu Jian [......]
Gold:   175        SH:  5    Dex: 11    Spells: 16/16 levels left

rFire   . .          .
                       - Unarmed
rCold   . . .        (no shield)
rNeg    . . .        s - melded +1 chain mail {Will+}
rPois   +            (helmet currently unavailable)
rElec   .            (cloak currently unavailable)
rCorr   .            (gloves currently unavailable)
SInv    .            (boots currently unavailable)
Will    .....        B - amulet of reflection
Stlth   ++           t - ring of magical power
HPRegen 0.37/turn    (no ring)
MPRegen 0.19/turn

%: reflection
@: lethally poisoned (0 -> -2), tree-form
A: stationary, stasis, torment immunity, boosted hp, (fangs 1), strong nose,
distributed training
a: Renounce Religion


You were on level 7 of the Dungeon.
You worshipped Wu Jian.
Wu Jian was noncommittal.
You were a tree.
You visited 2 branches of the dungeon, and saw 9 of its levels.

You collected 406 gold pieces.
You spent 231 gold pieces at shops.

Inventory:

Hand Weapons
 e - a +5 dire flail of draining
Missiles
 h - 8 poisoned darts
 v - 4 boomerangs (quivered)
 y - a throwing net
Armour
 a - a +0 animal skin
 n - a +0 ring mail
 p - a +1 pair of gloves
 q - a +0 helmet
 s - a +1 chain mail of willpower (melded)
 u - a +0 plate armour
 x - a +0 cloak
Jewellery
 t - a ring of magical power (left branch)
 B - an amulet of reflection (around neck)
Talismans
 c - a beast talisman
 d - a flux talisman
 z - a blade talisman
Scrolls
 i - 2 scrolls of enchant weapon
 j - a scroll of noise
 l - a scroll of vulnerability
 A - a scroll of poison
Potions
 f - a potion of mutation
 g - a potion of attraction
 m - a potion of enlightenment
 o - a potion of degeneration


   Skills:
 + Level 5.1 Fighting
 + Level 4.3 Short Blades
 + Level 4.3 Long Blades
 + Level 4.3 Axes
 + Level 4.3 Maces & Flails
 + Level 4.3 Polearms
 + Level 4.3 Staves
 + Level 4.3 Ranged Weapons
 + Level 4.3 Throwing
 + Level 4.3 Armour
 + Level 6.4 Dodging
 + Level 4.3 Stealth
 + Level 4.3 Shields
 + Level 7.9 Unarmed Combat
 + Level 4.3 Spellcasting
 + Level 3.5 Conjurations
 + Level 3.5 Hexes
 + Level 3.5 Summonings
 + Level 3.5 Necromancy
 + Level 3.5 Translocations
 + Level 3.5 Fire Magic
 + Level 3.5 Ice Magic
 + Level 3.5 Air Magic
 + Level 3.5 Earth Magic
 + Level 3.5 Alchemy
 + Level 4.8 Invocations
 + Level 4.3 Evocations
 + Level 7.7 Shapeshifting


You had 16 spell levels left.
You didn't know any spells.
Your spell library contained the following spells:

 Spells                   Type           Power      Damage    Failure   Level
 Summon Small Mammal      Summ           44%        N/A       4%          1
 Call Canine Familiar     Summ           11%        N/A       14%         3
 Stone Arrow              Conj/Erth      22%        3d8       14%         3
 Animate Armour           Summ/Erth      22%        N/A       43%         4
 Summon Blazeheart Golem  Fire/Summ      11%        N/A       43%         4
 Lehudib's Crystal Spear  Conj/Erth      5%         10d3      100%        8


Dungeon Overview and Level Annotations

Branches:
Dungeon (8/15)             Temple (1/1) D:5
   Lair: D:8-11

Altars:
Ashenzari
Cheibriados
Elyvilon
Fedhas
Gozag
Hepliaklqana
Kikubaaqudgha
Makhleb
Okawaru
Qazlal
Ru
Sif Muna
Trog
Uskayaw
Vehumet
Wu Jian
Xom
Yredelemnul
Zin
The Shining One

Shops:
D:4 [

Annotations:
D:2 1 runed translucent door, Crazy Yiuf


Innate Abilities, Weirdness & Mutations

You are a tree.
Your roots penetrate the ground, keeping you stationary.
You cannot be teleported.
You are immune to unholy pain and torment.
Your maximum health is greatly increased.
Your equipment is partially melded.
((You have very sharp teeth.))
Your uncanny sense of smell can sniff out nearby items.
Your experience applies equally to all skills.


Message History

The killer bee stings you but does no damage.
You block the killer bee's attack.
You barely miss the killer bee.
The killer bee is almost dead.
The killer bee stings you but does no damage. x2
You smack the killer bee!
You kill the killer bee!
The Council accepts your kill.
You hit the killer bee.
The killer bee is heavily wounded.
The killer bee stings you but does no damage. x2
You smack the killer bee!
You kill the killer bee!
The Council accepts your kill.
You hit the kobold.
You kill the kobold!
The Council accepts your kill.
The kobold throws a poisoned dart.
The poisoned dart hits you!
You are poisoned.
You feel sick.
The kobold throws a poisoned dart.
The poisoned dart hits you!
You feel sick.
You closely miss the kobold.
You feel sick. The kobold hits you with a +0 dagger.
* * * LOW HITPOINT WARNING * * *
Okay, then.
Unknown command.
Okay, then.
Unknown command.
Unknown command.
You barely miss the kobold.
* * * LOW HITPOINT WARNING * * *
You feel sick. The kobold hits you with a +0 dagger.
* * * LOW HITPOINT WARNING * * *
You closely miss the kobold.
* * * LOW HITPOINT WARNING * * *
You feel sick. The kobold hits you but does no damage.
You pummel the kobold!!
You kill the kobold!
The Council accepts your kill.
You die...

##........##
#...(....^.# K
#..........# . ..##
#..........##.
y..##
#.............#
...#
#..........####
#.)####...........#
#..##..........#.##
#§$♣...)......#...
####...).......#...
#.............#.∆
#............##
##..).....#..#
##...........###
###.###.###....
..............
##.............


There were no monsters in sight!

Vanquished Creatures
  A hornet (D:7)
  2 yaks
  Edmund (D:4)
  Duvessa (D:7)
  A phantom (D:6)
  A kobold brigand (D:7)
  3 scorpions
  A bullfrog (D:6)
  4 wights
  Dowan (D:7)
  4 killer bees (D:7)
  3 howler monkeys
  2 jellies
  A hound (D:7)
  A gnoll bouda (D:4)
  A sleepcap (D:6)
  Jessica (D:3)
  An iguana (D:5)
  Natasha (twice) (D:2)
  An orc wizard (D:4)
  15 gnolls
  8 adders
  4 dart slugs
  15 orcs
  9 bats
  6 endoplasms
  4 giant cockroaches
  6 goblins
  8 hobgoblins
  10 jackals
  2 quokkas (D:1)
  5 ball pythons
  2 frilled lizards
  6 kobolds
  4 rats
137 creatures vanquished.

Notes
Turn   | Place    | Note
-------+----------+-------------------------------------------
     0 | D:1      | jlumianski the Gnoll Shapeshifter began the quest for the
                  | Orb.
     0 | D:1      | Reached XP level 1. HP: 17/17 MP: 1/1
   154 | D:1      | Reached XP level 2. HP: 23/23 MP: 2/2
   200 | D:1      | Noticed a golden eye
   202 | D:1      | Found a faded altar of an unknown god.
   211 | D:1      | Noticed an eye of devastation
   212 | D:1      | Noticed a glass eye
   212 | D:1      | Noticed a golden eye
   293 | D:1      | Reached XP level 3. HP: 24/28 MP: 3/3
   491 | D:1      | Reached skill level 1 in Invocations
   865 | D:1      | Reached skill level 1 in Short Blades
   865 | D:1      | Reached skill level 1 in Long Blades
   865 | D:1      | Reached skill level 1 in Axes
   865 | D:1      | Reached skill level 1 in Maces & Flails
   865 | D:1      | Reached skill level 1 in Polearms
   865 | D:1      | Reached skill level 1 in Staves
   865 | D:1      | Reached skill level 1 in Ranged Weapons
   865 | D:1      | Reached skill level 1 in Throwing
   865 | D:1      | Reached skill level 1 in Armour
   865 | D:1      | Reached skill level 1 in Stealth
   865 | D:1      | Reached skill level 1 in Shields
   865 | D:1      | Reached skill level 1 in Spellcasting
   865 | D:1      | Reached skill level 1 in Evocations
  1066 | D:2      | Found a bloodstained altar of Trog.
  1077 | D:2      | Noticed Natasha
  1284 | D:2      | Found a runed translucent door.
  1285 | D:2      | Noticed Crazy Yiuf
  1549 | D:2      | Reached XP level 4. HP: 34/34 MP: 5/5
  1550 | D:2      | Killed Natasha
  1551 | D:2      | Reached skill level 1 in Conjurations
  1551 | D:2      | Reached skill level 1 in Hexes
  1551 | D:2      | Reached skill level 1 in Summonings
  1551 | D:2      | Reached skill level 1 in Necromancy
  1551 | D:2      | Reached skill level 1 in Translocations
  1551 | D:2      | Reached skill level 1 in Fire Magic
  1551 | D:2      | Reached skill level 1 in Ice Magic
  1551 | D:2      | Reached skill level 1 in Air Magic
  1551 | D:2      | Reached skill level 1 in Earth Magic
  1551 | D:2      | Reached skill level 1 in Alchemy
  1684 | D:2      | Noticed Natasha
  1688 | D:2      | Killed Natasha
  1801 | D:4      | Reached XP level 5. HP: 28/40 MP: 7/7
  1816 | D:4      | Found an iron altar of Okawaru.
  1874 | D:3      | Noticed Jessica
  1892 | D:3      | Killed Jessica
  2069 | D:3      | Noticed a balrug
  2070 | D:3      | Found a burning altar of Makhleb.
  2076 | D:3      | Found a glowing silver altar of Zin.
  2076 | D:3      | Noticed an angel
  2163 | D:4      | Reached XP level 6. HP: 41/47 MP: 8/8
  2461 | D:3      | Reached skill level 5 in Dodging
  2592 | D:5      | Entered Level 5 of the Dungeon
  2621 | D:5      | Noticed a yak
  2622 | D:5      | Noticed a yak
  2910 | D:4      | Found an opulent altar of Gozag.
  2996 | D:4      | Found a white marble altar of Elyvilon.
  3024 | D:4      | Found a shimmering blue altar of Sif Muna.
  3040 | D:4      | Reached XP level 7. HP: 48/52 MP: 10/10
  3236 | D:4      | Found a bloodstained altar of Trog.
  3251 | D:4      | Found Kufumum's Armour Emporium.
  3264 | D:4      | Bought a +1 chain mail of willpower for 231 gold pieces
  3359 | D:4      | Noticed Edmund
  3375 | D:4      | Killed Edmund
  3683 | D:5      | Noticed a yak
  3712 | D:3      | Killed a yak
  3821 | D:5      | Reached XP level 8. HP: 53/60 MP: 12/12
  4044 | D:5      | Killed a yak
  4160 | D:5      | Found a broken altar of Ashenzari.
  4867 | D:5      | Found a staircase to the Ecumenical Temple.
  4873 | Temple   | Entered the Ecumenical Temple
  4881 | Temple   | Became a worshipper of the Wu Jian Council
  5102 | D:7      | Noticed Dowan
  5110 | D:7      | Killed Dowan
  5113 | D:7      | Noticed Duvessa
  5126 | D:7      | Killed Duvessa
  5555 | D:7      | Noticed a hornet
  5558 | D:7      | Paralysed by a hornet for 3 turns
  5562 | D:7      | Reached XP level 9. HP: 40/67 MP: 14/14
  5562 | D:7      | Killed a hornet
  5566 | D:7      | Reached skill level 5 in Fighting
  5619 | D:7      | HP: 4/102 [kobold/+0 dagger (2)]
  5621 | D:7      | HP: 1/102 [poisoned by a kobold]
  5622 | D:7      | Succumbed to a kobold's poison

Illustrated notes

Levels and vault maps discovered:
D:1:      scummos_arrival_hexagon, layout_loops_ring,
          hellmonk_ecumenical_altar_watching_god
D:2:      layout_loops_ring, basic_altar, uniq_natasha, uniq_crazy_yiuf_cottage
D:3:      layout_loops_cross, grunt_temple_overflow_order_and_chaos_2,
          uniq_jessica
D:4:      layout_loops_ring, kennysheep_little_box,
          nicolae_gozag_cash_rules_everything_around_me, kennysheep_mini_moat,
          mainiacjoe_overflow_catch_the_wave, serial_shops, shop,
          nicolae_letterblocks [nicolae_letter_subblock,
          nicolae_letter_subblock, nicolae_letter_subblock,
          nicolae_letter_subblock, nicolae_letter_subblock,
          nicolae_letter_subblock, nicolae_letter_subblock,
          nicolae_letter_subblock, nicolae_letter_subblock,
          nicolae_letter_subblock, nicolae_letter_subblock,
          nicolae_letter_subblock, nicolae_letter_subblock,
          nicolae_letter_subblock, nicolae_letter_subblock,
          nicolae_letter_subblock, nicolae_letter_subblock,
          nicolae_letter_subblock, nicolae_letter_subblock,
          nicolae_letter_subblock, nicolae_letter_subblock,
          nicolae_letter_subblock, nicolae_letter_subblock,
          nicolae_letter_subblock, nicolae_letter_subblock], uniq_edmund
D:5:      layout_basic, marbit_many_paths, minmay_temple_entry_butterflies,
          serial_bayou_pond_d, minmay_holes
D:6:      layout_basic, chequers_arboretum, nicolae_underground_beach
D:7:      layout_rooms, nemelex_diamond_rough_becter,
          nicolae_phantomly_mirrored, uniq_duvessa
D:8:      layout_loops_ring, nicolae_transporter_intersection
Temple:   hellmonk_temple_forest_ring

Skill      XL: |  1  2  3  4  5  6  7  8  9 |
---------------+----------------------------+-----
Invocations    | 1 2 3 4 |  4.8
Short Blades   | 1 2 3 4 |  4.3
Long Blades    | 1 2 3 4 |  4.3
Axes           | 1 2 3 4 |  4.3
Maces & Flails | 1 2 3 4 |  4.3
Polearms       | 1 2 3 4 |  4.3
Staves         | 1 2 3 4 |  4.3
Ranged Weapons | 1 2 3 4 |  4.3
Throwing       | 1 2 3 4 |  4.3
Armour         | 1 2 3 4 |  4.3
Stealth        | 1 2 3 4 |  4.3
Shields        | 1 2 3 4 |  4.3
Spellcasting   | 1 2 3 4 |  4.3
Evocations     | 1 2 3 4 |  4.3
Conjurations   | 1 2 3 |  3.5
Hexes          | 1 2 3 |  3.5
Summonings     | 1 2 3 |  3.5
Necromancy     | 1 2 3 |  3.5
Translocations | 1 2 3 |  3.5
Fire Magic     | 1 2 3 |  3.5
Ice Magic      | 1 2 3 |  3.5
Air Magic      | 1 2 3 |  3.5
Earth Magic    | 1 2 3 |  3.5
Alchemy        | 1 2 3 |  3.5
Fighting       | 3 4 5 |  5.1
Dodging        | 5 6 |  6.4
Unarmed Combat | 7 |  7.9
Shapeshifting  | 7 |  7.7

Action                     |  1- 3 |  4- 6 |  7- 9 || total
---------------------------+-------+-------+-------++-------
  Melee: Unarmed           |    89 |    87 |   188 ||   364
         Bite              |     4 |     8 |    25 ||    37
         Punch             |     1 |     4 |     8 ||    13
  Throw: Dart              |       |    13 |    18 ||    31
         Boomerang         |       |       |     2 ||     2
Ability: Lunge             |       |       |     4 ||     4
  Evoke: Wand              |       |       |     7 ||     7
    Use: Scroll            |     2 |       |     9 ||    11
         Potion            |     1 |       |     4 ||     5
   Stab: Sleeping          |     5 |       |       ||     5
 Armour: Animal skin       |    37 |       |       ||    37
         Ring mail         |     3 |    41 |     4 ||    48
         Chain mail        |       |       |   151 ||   151
         Skin              |       |       |     8 ||     8
  Dodge: Dodged            |    50 |    46 |    76 ||   172
  Block: Other             |       |       |     7 ||     7

Table legend: (Time is in decaauts)
 A = Elapsed time spent in this place.
 B = Non-inter-level travel time spent in this place.
 C = Inter-level travel time spent in this place.
 D = Time resting spent in this place.
 E = Time spent auto-exploring this place.
 F = Levels seen in this place.
 G = Mean time per level.
                   A        B        C        D        E       F      G
               +--------+--------+--------+--------+--------+-----+--------+
         Total |   5598 |   5481 |    117 |    610 |   3038 |   9 |  622.0 |
       Dungeon |   5577 |   5467 |    110 |    610 |   3038 |   8 |  697.1 |
        Temple |     20 |     13 |      7 |      0 |      0 |   1 |   20.0 |
               +--------+--------+--------+--------+--------+-----+--------+

Top non-repeatable levels by time:
     D:5: 1268 daAuts
     D:4: 1107 daAuts
     D:1: 905 daAuts
     D:3: 825 daAuts
     D:2: 796 daAuts
     D:6: 452 daAuts
     D:7: 220 daAuts
  Temple: 20 daAuts
     D:8: 1 daAuts
